 Dungeon Crawl Stone Soup version 0.30-a0-634-g8abc85282e (webtiles) character file.

Game seed: 18045135863125275191

4619 bande the Cleaver (level 10, -3/60 HPs)
             Began as a Gargoyle Fighter on Jan 15, 2023.
             Was an Elder of Okawaru.
             Slain by a wolf spider (9 damage)
             ... on level 7 of the Dungeon.
             The game lasted 00:13:14 (7693 turns).

bande the Cleaver (Gargoyle Fighter)                Turns: 7693, Time: 00:13:15

Health: -3/60      AC: 24    Str: 20    XL:     10   Next: 42%
Magic:  0/13       EV:  9    Int:  9    God:    Okawaru [****..]
Gold:   490        SH: 17    Dex: 22    Spells: 9/9 levels left

rFire   . . .      SeeInvis .    o - +2 war axe (freeze)
rCold   . . .      Faith    .    e - +0 tower shield
rNeg    + . .      Spirit   +    i - +0 chain mail
rPois   ∞          Reflect  .    n - +0 helmet
rElec   +          Harm     .    (no cloak)
rCorr   .          Rampage  .    j - +2 pair of gloves {Dex+3}
Will    .....                    r - +1 pair of boots Stlth
                                 b - amulet of guardian spirit
HPRegen 0.30/turn                p - +6 ring of dexterity
MPRegen 0.13/turn                c - +5 ring of evasion

@: no status effects
A: sickness immunity, AC +7, negative energy resistance 1, electricity
resistance, torment resistance 1, petrification resistance
a: Renounce Religion, Heroism, Finesse


You were on level 7 of the Dungeon.
You worshipped Okawaru.
Okawaru was greatly pleased with you.
You visited 2 branches of the dungeon, and saw 9 of its levels.

You collected 544 gold pieces.
You spent 54 gold pieces at shops.

Inventory:

Hand Weapons
 g - a +2 heavy broad axe
 o - a +2 war axe of freezing (weapon)
 q - a +0 flail
Armour
 e - a +0 tower shield (worn)
 i - a +0 chain mail (worn)
 j - a +2 pair of gloves of dexterity (worn)
 n - a +0 helmet (worn)
 r - a +1 pair of boots (worn)
Jewellery
 b - an amulet of guardian spirit (around neck)
 c - a +5 ring of evasion (right hand)
 p - a +6 ring of dexterity (left hand)
 x - a ring of resist corrosion
 z - a +6 ring of dexterity
 B - a ring of see invisible
 C - a +6 ring of intelligence
Wands
 a - a wand of mindburst (20)
 m - a wand of iceblast (10)
 y - a wand of flame (14)
Scrolls
 l - 2 scrolls of enchant weapon
 s - a scroll of teleportation
 u - a scroll of enchant armour
 A - a scroll of poison
Potions
 d - a potion of might
 f - 6 potions of curing
 h - a potion of mutation
 k - a potion of cancellation {unknown}
 t - 2 potions of heal wounds
 v - 2 potions of brilliance
 w - 2 potions of flight {unknown}


   Skills:
 + Level 6.2 Fighting
 + Level 9.0 Axes
 + Level 6.0 Armour
 + Level 0.4 Stealth
 + Level 7.0 Shields
 * Level 5.2 Invocations
 * Level 4.7 Evocations


You had 9 spell levels left.
You didn't know any spells.
Your spell library contained the following spells:

 Spells                   Type           Power      Damage    Failure   Level
 Ensorcelled Hibernation  Hex/Ice        0%         N/A       100%        2
 Ignite Poison            Fire/Tmut/Pois 0%         N/A       100%        3
 Kindle Blastsparks       Fire/Tloc/Air  0%         2d10      100%        3
 Ozocubu's Armour         Ice            0%         N/A       100%        3
 Portal Projectile        Hex/Tloc       0%         N/A       100%        3
 Spider Form              Tmut/Pois      0%         N/A       100%        3
 Anguish                  Hex/Necr       0%         N/A       100%        4
 Leda's Liquefaction      Hex/Erth       0%         N/A       100%        4
 Petrify                  Tmut/Erth      0%         N/A       100%        4
 Sticky Flame             Conj/Fire      0%         2d3       100%        4
 Freezing Cloud           Conj/Ice/Air   0%         6-21      100%        5
 Metabolic Englaciation   Hex/Ice        0%         N/A       100%        5
 Enfeeble                 Hex            0%         N/A       100%        7
 Ignition                 Fire           0%         3d3       100%        8
 Call Canine Familiar     Summ           Unusable   N/A       N/A         3
 Summon Guardian Golem    Hex/Summ       Unusable   N/A       N/A         3
 Simulacrum               Ice/Necr       Unusable   N/A       N/A         6

Dungeon Overview and Level Annotations

Branches:
Dungeon (8/15)             Temple (1/1) D:5
   Lair: D:8-11

Altars:
Ashenzari
Elyvilon
Hepliaklqana
Nemelex Xobeh
Okawaru
Qazlal
Uskayaw
Vehumet
Wu Jian
Xom
Yredelemnul
The Shining One

Shops:
D:5 *   D:7 :

Annotations:
D:6 3 runed translucent doors, bmack86's ghost, novice MiFi


Innate Abilities, Weirdness & Mutations

You are immune to sickness and miasma.
Your stone body is resilient. (AC +7)
You are immune to poison.
You resist negative energy. (rN+)
You are resistant to electric shocks. (rElec)
You are resistant to unholy torment.
You are immune to petrification.


Message History

The orc wizard flickers and vanishes!
Deactivating autopickup; reactivate with Ctrl-A.
You block the wolf spider's attack.
The wolf spider bites you but does no damage.
Your attacks no longer feel as feeble.
The wolf spider hits you!
* * * LOW HITPOINT WARNING * * *
The wolf spider bites you.
* * * LOW HITPOINT WARNING * * *
There is a stone staircase leading up here.
You block the wolf spider's attack. The wolf spider closely misses you.
You climb upwards.
Reactivating autopickup.
There is a stone staircase leading down here.
You slash the wolf spider! You freeze the wolf spider.
The wolf spider is heavily wounded.
You block the wolf spider's attack.
The wolf spider bites you but does no damage.
The wolf spider hits you but does no damage.
The wolf spider bites you but does no damage.
You barely miss the wolf spider.
The wolf spider is heavily wounded.
The wolf spider hits you but does no damage.
The wolf spider closely misses you. You block the wolf spider's attack. x2
You barely miss the wolf spider.
The wolf spider is heavily wounded.
You block the wolf spider's attack.
The wolf spider bites you but does no damage.
The wolf spider hits you.
* * * LOW HITPOINT WARNING * * *
The wolf spider bites you but does no damage.
You hit the wolf spider. You freeze the wolf spider.
The wolf spider is heavily wounded.
You block the wolf spider's attack. The wolf spider closely misses you.
You block the wolf spider's attack.
The wolf spider bites you but does no damage.
You hit the wolf spider but do no damage.
The wolf spider is heavily wounded.
The wolf spider hits you!
You die...

....# #.##.....#....##.......
....#######.##...........#.......
.........................##.#....
...#########.....#.......##.###.#
...##...(........##.#.#.....# #.#
...##.#######....#..#.####### #.#
...##.# #.........#.#...# #.#
...##.# #.........#.#.#.# #.#
...'..# #.....@s........#####.#
...#### #.......[...[<.........
...# #..........[........... ...#
#..............#....... ...#
###'######.....#....... ..)# #.#
#.....######'# ...# #.# #.....#
#.# ...# #.# #.....# #.# ...# #.#
#.....# #.#


You could see a wolf spider.

Vanquished Creatures
  An orc knight (D:7)
  A cyclops (D:8)
  2 yaks (D:8)
  A wyvern (D:8)
  3 water moccasins
  2 ice beasts
  2 sky beasts (D:7)
  A black bear (D:6)
  5 ogres
  3 centaurs
  2 kobold brigands
  5 bullfrogs
  3 necrophages
  5 scorpions
  5 wights
  An electric eel (D:8)
  2 hounds
  A quasit (D:7)
  3 orc priests
  2 gnoll boudas
  2 iguanas
  Ijyb (D:3)
  2 orc wizards
  16 gnolls
  5 adders
  2 white imps (D:6)
  5 ufetubi
  4 worms
  4 dart slugs
  22 orcs
  7 bats
  4 endoplasms
  3 giant cockroaches
  6 goblins
  3 hobgoblins
  3 quokkas
  10 ball pythons
  3 frilled lizards
  A goblin zombie (D:7)
  3 hobgoblin zombies (D:7)
  16 kobolds
  3 kobold zombies (D:7)
  An orc zombie (D:7)
  5 rats
181 creatures vanquished.

Vanquished Creatures (others)
  5 fungi (D:5)
  21 plants
26 creatures vanquished.

Grand Total: 207 creatures vanquished

Notes
Turn   | Place    | Note
-------+----------+-------------------------------------------
     0 | D:1      | bande the Gargoyle Fighter began the quest for the Orb.
     0 | D:1      | Reached XP level 1. HP: 14/14 MP: 1/1
   243 | D:1      | Reached XP level 2. HP: 19/19 MP: 2/2
   514 | D:1      | Reached skill level 2 in Axes
   647 | D:1      | Reached XP level 3. HP: 17/23 MP: 1/3
   858 | D:2      | Got Fixilux's Teachings on the Weird Body
  1234 | D:2      | Reached XP level 4. HP: 29/29 MP: 4/4
  1534 | D:3      | Reached skill level 3 in Axes
  1601 | D:3      | Noticed Ijyb
  1612 | D:3      | Killed Ijyb
  1613 | D:3      | Reached XP level 5. HP: 29/33 MP: 5/5
  2103 | D:3      | Found a hazy altar of Hepliaklqana.
  2145 | D:3      | Found a hide-covered altar of Uskayaw.
  2928 | D:4      | Found a sparkling altar of Nemelex Xobeh.
  2995 | D:4      | Reached skill level 4 in Axes
  2998 | D:4      | Reached XP level 6. HP: 30/38 MP: 6/6
  3665 | D:4      | Reached XP level 7. HP: 44/44 MP: 7/7
  3706 | D:4      | Reached skill level 5 in Axes
  3706 | D:4      | Reached skill level 5 in Armour
  3989 | D:5      | Entered Level 5 of the Dungeon
  4032 | D:5      | Found Zituprig's Mass Market.
  4044 | D:5      | Bought a +0 tower shield for 54 gold pieces
  4125 | D:5      | Reached skill level 1 in Evocations
  4144 | D:5      | Found a staircase to the Ecumenical Temple.
  4154 | Temple   | Entered the Ecumenical Temple
  4202 | Temple   | Became a worshipper of Warmaster Okawaru
  4256 | D:5      | Identified a scroll of acquirement
  4256 | D:5      | Acquired a +2 heavy broad axe
  4510 | D:5      | Reached skill level 6 in Axes
  4510 | D:5      | Reached skill level 1 in Invocations
  4510 | D:5      | Reached XP level 8. HP: 48/48 MP: 8/8
  4980 | D:6      | Reached * piety under Okawaru
  5013 | D:6      | Reached skill level 5 in Fighting
  5013 | D:6      | Reached skill level 5 in Shields
  5103 | D:6      | Reached skill level 7 in Axes
  5195 | D:6      | Reached ** piety under Okawaru
  5197 | D:6      | Reached XP level 9. HP: 54/54 MP: 11/11
  5394 | D:6      | Noticed bmack86's ghost (novice MiFi)
  5396 | D:6      | Found a runed translucent gate.
  5396 | D:6      | Found a runed translucent gate.
  5460 | D:6      | Found a runed translucent gate.
  6363 | D:7      | Reached *** piety under Okawaru
  6390 | D:7      | Reached skill level 8 in Axes
  6428 | D:7      | Found a glowing golden altar of the Shining One.
  6540 | D:7      | Found Hosewn's Book Boutique.
  6891 | D:8      | Noticed a cyclops
  6897 | D:8      | Noticed an orc knight
  6898 | D:8      | Reached XP level 10. HP: 57/60 MP: 11/13
  7066 | D:7      | Killed an orc knight
  7066 | D:7      | Reached **** piety under Okawaru
  7395 | D:8      | Killed a cyclops
  7396 | D:8      | Reached skill level 5 in Invocations
  7506 | D:8      | Reached skill level 9 in Axes
  7672 | D:8      | Noticed a two-headed ogre
  7673 | D:8      | Noticed a wolf spider
  7693 | D:7      | Slain by a wolf spider

Illustrated notes

Levels and vault maps discovered:
D:1:      minmay_arrival_shattered_statue, layout_rooms, serial_bayou_pond_c,
          dreamdust_wishing_well
D:2:      layout_basic
D:3:      layout_loops_cross, nicolae_uskayaw_suspiria,
          mainiacjoe_overflow_alcove_2, uniq_ijyb
D:4:      layout_cave_pools, overflow_temple_1_default, serial_bayou,
          serial_bayou_lagoon_a, serial_bayou_ford_a, serial_bayou_pond_c,
          serial_bayou_crossing, serial_bayou_pond_e, serial_bayou_pond_a
D:5:      layout_loops_ring, minmay_temple_entry_junction_2, serial_aquarium,
          aquarium_bridge_straight [aquarium_subvault_bridge,
          aquarium_subvault_balcony, aquarium_subvault_bridge,
          aquarium_subvault_wall], aquarium_window_corridor_2,
          aquarium_window_2, aquarium_window_1, aquarium_view_2b,
          aquarium_view_2c, aquarium_pool_corner, minmay_shop_mass
D:6:      layout_layer_cave, gammafunk_ghost_split, amcnicky_mini_pool_small
D:7:      layout_basic, nicolae_tso_besieged_by_evil, serial_shops, shop
D:8:      nzn_winding_woodlands_stair_cross [nzn_winding_woodlands_5x15_garden,
          nzn_winding_woodlands_center_diamonds,
          nzn_winding_woodlands_5x15_river_crossing,
          nzn_winding_woodlands_5x5_default, nzn_winding_woodlands_hourglass,
          nzn_winding_woodlands_5x15_pathside_ponds,
          nzn_winding_woodlands_center_garden,
          nzn_winding_woodlands_5x15_parted], layout_loops_ring,
          lightli_temple_of_fire
Temple:   nicolae_temple_bog_church

Skill      XL: |  1  2  3  4  5  6  7  8  9 10 |
---------------+-------------------------------+-----
Axes           | 2 3 4 6 7 8 9 |  9.0
Armour         | 4 5 6 |  6.0
Fighting       | 4 5 6 |  6.2
Shields        | 4 5 6 7 |  7.0
Evocations     | 1 2 4 |  4.7
Invocations    | 1 2 4 5 |  5.2
Stealth        | |  0.4

Action                   |  1- 3 |  4- 6 |  7- 9 | 10-12 || total
-------------------------+-------+-------+-------+-------++-------
Melee: War axe           |   114 |   150 |   191 |    78 ||   533
       Broad axe         |       |       |    16 |       ||    16
  Use: Scroll            |     8 |     3 |     5 |       ||    16
       Potion            |       |       |       |     1 ||     1
Armor: Scale mail        |    17 |       |       |       ||    17
       Chain mail        |    92 |   165 |   139 |    34 ||   430
Dodge: Dodged            |    64 |    61 |    92 |    25 ||   242
Block: Buckler           |    24 |    55 |     2 |       ||    81
       Tower shield      |       |       |   206 |    72 ||   278

Table legend: (Time is in decaauts)
 A = Elapsed time spent in this place.
 B = Non-inter-level travel time spent in this place.
 C = Inter-level travel time spent in this place.
 D = Time resting spent in this place.
 E = Time spent auto-exploring this place.
 F = Levels seen in this place.
 G = Mean time per level.
                   A        B        C        D        E       F      G
               +--------+--------+--------+--------+--------+-----+--------+
         Total |   7973 |   7893 |     80 |   2014 |   4255 |   9 |  885.9 |
       Dungeon |   7905 |   7825 |     80 |   2014 |   4220 |   8 |  988.1 |
        Temple |     68 |     68 |      0 |      0 |     35 |   1 |   68.0 |
               +--------+--------+--------+--------+--------+-----+--------+

Top non-repeatable levels by time:
     D:3: 1460 daAuts
     D:6: 1220 daAuts
     D:4: 1121 daAuts
     D:7: 1065 daAuts
     D:5: 945 daAuts
     D:1: 824 daAuts
     D:2: 714 daAuts
     D:8: 552 daAuts
  Temple: 68 daAuts
